 Dungeon Crawl Stone Soup version 0.30.0-20-g3615ddf2f0 (webtiles) character file.

Game seed: 2260711779968945905

67 qw the Chopper (level 4, -5/28 HPs)
             Began as a Gargoyle Fighter on May 29, 2023.
             Slain by an iguana (8 damage)
             ... on level 4 of the Dungeon.
             The game lasted 00:01:02 (2632 turns).

qw the Chopper (Gargoyle Fighter)                   Turns: 2632, Time: 00:01:03

Health: -5/28      AC: 20    Str: 22    XL:     4   Next: 16%
Magic:  4/4        EV:  9    Int:  8    God:
Gold:   119        SH:  4    Dex:  9    Spells: 3/3 levels left

rFire   . . .        Y - +0 war axe (protect)
rCold   . . .        c - +0 buckler
rNeg    + . .        b - +0 scale mail
rPois   inf          a - +2 hat
rElec   +            f - +0 cloak
rCorr   .            (no gloves)
SInv    .            (no boots)
Will    .....        (no amulet) Stlth
                     (no ring)
HPRegen 0.24/turn    (no ring)
MPRegen 0.09/turn

%: no passive effects
@: under a protective aura
A: sickness immunity, AC +3, negative energy resistance 1, electricity
resistance, torment resistance 1, petrification resistance
a: no special abilities


You were on level 4 of the Dungeon.
You visited 1 branch of the dungeon, and saw 4 of its levels.

You collected 119 gold pieces.


Innate Abilities, Weirdness & Mutations

You are immune to sickness and miasma.
Your stone body is resilient. (AC +3)
You are immune to poison.
You resist negative energy. (rN+)
You are resistant to electric shocks. (rElec)
You are resistant to unholy torment.
You are immune to petrification.


   Skills:
 - Level 3.2 Fighting
 + Level 3.9 Axes
 - Level 3.2 Armour
 - Level 3.2 Shields


You had 3 spell levels left.
You didn't know any spells.
Your spell library was empty.

Inventory:

Hand Weapons
 i - a +0 mace
 Y - a +0 war axe of protection (weapon)
Armour
 a - a +2 hat (worn)
 b - a +0 scale mail (worn)
 c - a +0 buckler (worn)
 f - a +0 cloak (worn)
Jewellery
 m - a ring of fire
Wands
 k - a wand of digging (4)
Scrolls
 e - 2 scrolls of identify
Potions
 d - a potion of might
 g - a potion of cancellation
 l - a potion of curing

Dungeon Overview and Level Annotations

Branches:
Dungeon (4/15)
 Temple: D:4-7

Altars:


Message History

As you read the scroll of identify, it crumbles to dust.
l - a potion of curing;
2585 ||| IDENTIFYING black potion Done exploring.
2586 ||| DROPPING potion of flight.
You drop a potion of flight.
Done exploring.
(D) Dungeon
Where to? (* - list waypoints, Enter - D:3, ? - help)
What level of the Dungeon? (default 1, ? - help)
You open the door.
There is an open door here.
There is a stone staircase leading down here.
You climb downwards.
There is a stone staircase leading up here.
A hobgoblin is nearby!
Waypoint 3 assigned to D:4.
You slash the hobgoblin!
Your weapon exudes an aura of protection.
You kill the hobgoblin!
Found an escape hatch in the floor.
An iguana comes into view.
The iguana hisses angrily.
You hit the iguana but do no damage.
Your weapon exudes an aura of protection.
The iguana bites you!
You hit the iguana but do no damage.
The iguana hisses menacingly.
The iguana bites you! You block the iguana's attack.
You hit the iguana.
The iguana is moderately wounded.
The iguana bites you!
You barely miss the iguana.
The iguana is moderately wounded.
The iguana bites you but does no damage.
You closely miss the iguana.
The iguana is moderately wounded.
The iguana closely misses you. You block the iguana's attack.
You slash the iguana!
The iguana is severely wounded.
The iguana bites you!
You die...

#### ############
...#####......<....
#.......##########
#.####.......#
#.###..............
#....@#####.####...
###.#l# #.# ##
...#>. #.# #.# ###.
... #. .. #.# # .#
.# .# #


You could see an iguana.

Vanquished Creatures
  2 adders (D:2)
  A worm (D:2)
  5 ball pythons
  An endoplasm (D:2)
  4 giant cockroaches
  4 goblins
  7 hobgoblins
  A jackal (D:3)
  5 kobolds
  3 quokkas
  A bat (D:1)
  A frilled lizard (D:1)
  4 rats (D:1)
39 creatures vanquished.

Notes
Turn   | Place    | Note
-------+----------+-------------------------------------------
     0 | D:1      | qw the Gargoyle Fighter began the quest for the Orb.
     0 | D:1      | Reached XP level 1. HP: 14/14 MP: 1/1
     0 | D:1      | 0 ||| qw: Version: 0.2-a-102-g2b76a06
     0 | D:1      | 0 ||| qw: Game counter: 413
     0 | D:1      | 0 ||| qw: Always use a shield: true
     0 | D:1      | 0 ||| qw: God list: Okawaru
     0 | D:1      | 0 ||| qw: Allow faded altars: false
     0 | D:1      | 0 ||| qw: Do Orc after D:15 true
     0 | D:1      | 0 ||| qw: Do second Lair branch before Depths: true
     0 | D:1      | 0 ||| qw: Lair rune preference: random
     0 | D:1      | 0 ||| qw: Plans: Normal, Zot:1-4, Slime:5, God:TSO, Crypt,
                  | Tomb, Pan, Hells, Abyss, Win
     0 | D:1      | 0 ||| PLANNING D:1-11
   123 | D:1      | Reached XP level 2. HP: 19/19 MP: 2/2
   150 | D:1      | 150 ||| DROPPING +1 heavy hand axe.
   171 | D:1      | Found a faded altar of an unknown god.
   188 | D:1      | 188 ||| Stepping ~*~*~tactically~*~*~ (stealth).
   720 | D:1      | 720 ||| READING scroll labelled QUISUCU WATIXA.
   721 | D:1      | 721 ||| READING scroll labelled UCOYNA NISEON.
   722 | D:1      | 722 ||| READING scroll labelled EQODAT MAYMUMY.
   723 | D:1      | 723 ||| READING scroll labelled JISORPH XOFOJA.
   724 | D:1      | 724 ||| READING scroll labelled GUYDWITSEV.
   724 | D:1      | Identified a scroll of acquirement
   724 | D:1      | 724 ||| ACQUIRING +2 hat
   724 | D:1      | Acquired a +2 hat
   726 | D:1      | 726 ||| UPGRADING to +2 hat.
   805 | D:2      | 805 ||| READING 2 scrolls of brand weapon.
   805 | D:2      | 805 ||| BRANDING +0 war axe of freezing.
   806 | D:2      | 806 ||| READING scroll of brand weapon.
   806 | D:2      | 806 ||| BRANDING +0 war axe of electrocution.
   925 | D:2      | Reached skill level 3 in Axes
   925 | D:2      | Reached XP level 3. HP: 16/23 MP: 3/3
  1287 | D:2      | 1287 ||| Stepping ~*~*~tactically~*~*~ (stealth).
  1632 | D:2      | 1632 ||| UPGRADING to +0 cloak.
  1637 | D:2      | 1637 ||| READING scroll labelled IWNICR KOIFAME.
  1738 | D:2      | 1738 ||| READING scroll labelled MULUJO RIR VOU.
  1741 | D:2      | 1741 ||| READING scroll labelled WYSTEM ZEACIASHROTT.
  1742 | D:2      | 1742 ||| READING 3 scrolls of identify.
  1742 | D:2      | 1742 ||| IDENTIFYING inky potion
  1743 | D:2      | 1743 ||| READING 2 scrolls of identify.
  1743 | D:2      | 1743 ||| IDENTIFYING purple potion
  1744 | D:2      | 1744 ||| DROPPING potion of brilliance.
  1899 | D:3      | Reached XP level 4. HP: 28/28 MP: 4/4
  2583 | D:3      | 2583 ||| READING scroll labelled OVUNIF RO XOLI.
  2584 | D:3      | 2584 ||| READING 4 scrolls of identify.
  2584 | D:3      | 2584 ||| IDENTIFYING viscous puce potion
  2585 | D:3      | 2585 ||| READING 3 scrolls of identify.
  2585 | D:3      | 2585 ||| IDENTIFYING black potion
  2586 | D:3      | 2586 ||| DROPPING potion of flight.
  2629 | D:4      | HP: 2/28 [iguana (8)]
  2632 | D:4      | Slain by an iguana

Levels and vault maps discovered:
D:1:      dpeg_arrival_ternary, layout_rooms,
          shapermc_ecumenical_altar_mp_highgroup, chequers_garden,
          chequers_big_river
D:2:      layout_basic, chequers_serial_rivers_micro_b
D:3:      minmay_skewed_foursquare, layout_loops_corners
D:4:      layout_loops_ring, cheibrodos_worm_habitat,
          nicolae_overflow_hidden_temple, minmay_temple_entry_hall, st_stairs_6,
          uniq_ijyb

Skill      XL: |  1  2 |
---------------+-------+-----
Axes           | 2 3 |  3.9
Fighting       | |  3.2
Armour         | |  3.2
Shields        | |  3.2

Action                     |  1- 3 |  4- 6 || total
---------------------------+-------+-------++-------
  Melee: War axe           |   117 |    25 ||   142
    Use: Scroll            |    12 |     3 ||    15
 Armour: Scale mail        |    63 |     9 ||    72
  Dodge: Dodged            |    43 |     6 ||    49
  Block: Buckler           |    16 |     7 ||    23

Table legend:
 A = Non-vault XP
 B = Vault XP
 C = Vault XP percentage of total XP
 D = Non-vault monster count
 E = Vault monster count
 F = Vault count percentage of total count
                 A         B        C        D         E       F
            +---------+---------+-------+---------+---------+-------
      Total |      90 |       6 |   6.2 |      36 |       3 |   7.7
            +---------+---------+-------+---------+---------+-------
        D:1 |      25 |       0 |   0.0 |      16 |       0 |   0.0
        D:2 |      52 |       0 |   0.0 |      13 |       0 |   0.0
        D:3 |      11 |       6 |  35.3 |       6 |       3 |  33.3
        D:4 |       2 |       0 |   0.0 |       1 |       0 |   0.0
            +---------+---------+-------+---------+---------+-------
